AoeStats
← alix

Arabia

504460711Analyzed
1v1 RM · 28d ago on Sep 5, 2026· 71m 26s· 2 players
Game mode
Random Map
Map size
Tiny (2 player)
Population
200
Speed
Normal
Resources
Standard
Victory
Conquest
Starting age
Dark Age
Ending age
Imperial Age
RankedLock teamsTeams togetherTeam positionsShared explorationLock speedFull tech treeHidden civsTurbo modeCheats
Victory
Defeat
🇺🇸 Tupi · United States
1769
+19
🇩🇪 Dravidians · Germany
1830
-19
DS_SayGG
4:20 Loom
13:14 Feudal Age
17:48 Castle Age
16:01 Double-Bit Axe
16:35 Horse Collar
17:13 Stone Mining
20:25 Fletching
23:58 Bodkin Arrow
32:07 Sanctity
32:38 Redemption
39:33 Town Watch
45:03 Wheelbarrow
47:28 Elite Skirmisher
51:07 Imperial Age
48:41 Padded Archer Armor
49:07 Scale Mail Armor
48:30 Champi Runner
49:11 Squires
48:57 Arson
49:59 Leather Archer Armor
50:03 Champi Warrior
52:04 Bracer
52:29 Bow Saw
52:57 Guard Tower
53:29 Ballistics
54:16 Chemistry
54:45 Scale Mail Armor
54:56 Forging
55:09 Pikeman
56:46 Elite Champi Warrior
59:11 Iron Casting
59:40 Chain Mail Armor
61:00 Hand Cart
62:57 Conscription
63:51 Plate Mail Armor
66:22 Gold Mining
66:39 Heavy Plow
70:17 Ring Archer Armor
72:03 Heavy Plow
alix
5:42 Loom
8:30 Feudal Age
9:27 Double-Bit Axe
9:53 Horse Collar
19:21 Castle Age
18:29 Fletching
18:30 Gold Mining
20:08 Bodkin Arrow
20:51 Husbandry
20:52 Padded Archer Armor
32:52 Leather Archer Armor
35:50 Devotion
39:37 Imperial Age
40:46 Bracer
47:36 Ballistics
49:50 Chemistry
51:54 Thumb Ring
51:32 Elite Skirmisher
53:46 Ring Archer Armor
54:04 Light Cavalry
54:50 Scale Barding Armor
54:55 Forging
55:50 Wheelbarrow
55:01 Town Watch
56:24 Chain Barding Armor
58:19 Man-at-Arms
58:45 Gambesons
59:00 Squires
59:01 Scale Mail Armor
59:36 Iron Casting
63:01 Blast Furnace
61:25 Long Swordsman
62:06 Scale Mail Armor
62:52 Two-Handed Swordsman
63:53 Chain Mail Armor
64:10 Conscription
64:14 Masonry
64:09 Champion
66:37 Plate Mail Armor
69:16 Blast Furnace
Connection lost

Rejoining the realm…

Still unreachable

The connection could not be restored.

Session expired

The server has moved on; the page needs a fresh start.